 Dungeon Crawl Stone Soup version 0.28-a0-1395-g4f6bc678fa (webtiles) character file.

Game seed: 18234305859974295261

56 Deminshera the Sneak (level 3, -1/18 HPs)
             Began as a Vine Stalker Brigand on Jan 4, 2022.
             Succumbed to an adder's poison
             ... on level 1 of the Dungeon.
             The game lasted 00:01:23 (1979 turns).

Deminshera the Sneak (Vine Stalker Brigand)         Turns: 1979, Time: 00:01:23

Health: -1/18      AC:  3    Str: 13    XL:     3   Next: 95%
Magic:  0/4        EV: 12    Int: 11    God:
Gold:   27         SH:  0    Dex: 17    Spells: 2/2 levels left

rFire   . . .      SeeInvis .   a - +2 dagger
rCold   . . .      Faith    .   (no shield)
rNeg    . . .      Spirit   +   b - +0 robe
rPois   .          Reflect  .   (no helmet)
rElec   .          Harm     .   c - +0 cloak
rCorr   .          Rampage  .   (no gloves)
Will    .....                   (no boots)
Stlth   +++.......              (no amulet)
HPRegen 0.06/turn               (no ring)
MPRegen 0.09/turn               (no ring)

@: brilliant, lethally poisoned (-1 -> -9)
A: fangs 2, magic shield, antimagic bite, no potion heal 2
a: no special abilities


You were on level 1 of the Dungeon.
You visited 1 branch of the dungeon, and saw 2 of its levels.

You collected 27 gold pieces.

Inventory:

Hand Weapons
 a - a +2 dagger (weapon)
Missiles
 d - 8 poisoned darts
 e - 2 curare-tipped darts (quivered)
Armour
 b - a +0 robe (worn)
 c - a +0 cloak (worn)
Scrolls
 i - a scroll of identify {unknown}
 j - a scroll of vulnerability {unknown}
Potions
 f - a potion of haste {unknown}
 g - a potion of lignification {unknown}
 h - a potion of brilliance
 k - a potion of heal wounds {unknown}


   Skills:
 + Level 2.2 Fighting
 + Level 2.2 Short Blades
 + Level 2.2 Throwing
 + Level 1.4 Dodging
 + Level 5.2 Stealth


You had 2 spell levels left.
You didn't know any spells.
Your spell library was empty.

Dungeon Overview and Level Annotations

Branches:
Dungeon (2/15)

Altars:


Innate Abilities, Weirdness & Mutations

You have extremely sharp teeth.
When hurt, damage is shared between your health and your magic reserves.
Your bite disrupts and absorbs the magic of your enemies.
Potions cannot restore your health.


Message History

Terence is severely wounded.
Terence closely misses you.
Unknown command.
You kill Terence!
Things that are here:
a +1 flail of holy wrath; a +0 chain mail; the human corpse of Terence
There is a stone staircase leading down here.
e - 2 curare-tipped darts (gained 1)
There is a stone staircase leading down here.
You start resting.
Magic restored.
You start resting.
HP restored.
You climb downwards.
The adder barely misses you. The frilled lizard barely misses you.
The hobgoblin closely misses you. The adder bites you.
The frilled lizard misses you. The hobgoblin barely misses you.
There is a stone staircase leading up here.
The adder bites you.
You are poisoned.
The adder poisons you! The frilled lizard closely misses you.
The hobgoblin misses you.
You climb upwards.
You feel sick.
There is a stone staircase leading down here.
You feel sick. The adder bites you but does no damage.
You feel sick. The adder bites you.
You are more poisoned.
The adder poisons you!
You feel sick.
* * * LOW HITPOINT WARNING * * *
You feel sick.
* * * LOW HITPOINT WARNING * * *
You feel sick. The adder bites you.
* * * LOW HITPOINT WARNING * * *
You are more poisoned.
The adder poisons you! The adder bites you.
Unknown command.
It was a potion of brilliance.
You feel clever all of a sudden.
You die...

♣.≈≈≈P≈♣≈♣##.##.....###'#########
≈.≈≈..≈≈≈..#.##.....#......##...#
≈≈≈≈≈≈P♣≈♣..........#......##.#.#
♣♣.≈♣♣♣♣♣♣#..)......#......##.#.#
.♣≈.♣♣♣♣.##^........#......##.#.#
♣♣≈≈♣♣...##......##.#......##.#.#
♣♣♣.♣♣...##.........#...........#
.♣♣.♣♣...##....#.##.#.........###
.....†...##....#@##.###..#....#*#
.........##...##.Sl.)....#.######
.........##...#####g####.#..##...
.........##........>[....#...'.>.
.........##................###...
##.......##............########.#
#.......####..........# #X#.#
########## #.......#### #####.#
......#######.......# #D#...#


You could see an adder, a hobgoblin and a frilled lizard.

Vanquished Creatures
  Terence (D:1)
  2 dart slugs (D:1)
  An endoplasm (D:1)
  A giant cockroach (D:1)
  2 hobgoblins (D:1)
  4 jackals (D:1)
  2 quokkas (D:1)
  A ball python (D:1)
  3 bats (D:1)
  2 frilled lizards (D:1)
  3 kobolds (D:1)
  3 rats (D:1)
25 creatures vanquished.

Vanquished Creatures (others)
  A plant (D:1)
1 creature vanquished.

Grand Total: 26 creatures vanquished

Notes
Turn   | Place    | Note
-------+----------+-------------------------------------------
     0 | D:1      | Deminshera the Vine Stalker Brigand began the quest for the
                  | Orb.
     0 | D:1      | Reached XP level 1. HP: 11/11 MP: 2/2
     0 | D:1      | Noticed a large abomination
     3 | D:1      | Noticed a large abomination
     8 | D:1      | Noticed a large abomination
    11 | D:1      | Noticed an ice dragon
    15 | D:1      | Noticed a tentacled monstrosity
    15 | D:1      | Noticed an orb of fire
    15 | D:1      | Noticed a large abomination
    17 | D:1      | Noticed a large abomination
    17 | D:1      | Noticed a large abomination
    17 | D:1      | Noticed a shadow dragon
    19 | D:1      | Noticed an ice dragon
    21 | D:1      | Noticed an orb of fire
   253 | D:1      | Reached skill level 1 in Dodging
   253 | D:1      | Reached XP level 2. HP: 13/15 MP: 3/3
   561 | D:1      | Reached skill level 5 in Stealth
   568 | D:1      | Found a faded altar of an unknown god.
  1405 | D:1      | Reached XP level 3. HP: 18/18 MP: 4/4
  1790 | D:2      | Noticed Terence
  1805 | D:1      | Killed Terence
  1979 | D:1      | Succumbed to an adder's poison

Illustrated notes

Levels and vault maps discovered:
D:1:      shiori_arrival_whats_in_store_for_you, layout_basic,
          hellmonk_ecumenical_altar_arch_garden, serial_bayou_crossing
D:2:      layout_basic, serial_shops, nicolae_square_shop, basic_altar,
          uniq_terence

Skill      XL: |  1  2 |
---------------+-------+-----
Dodging        | 1 |  1.4
Fighting       | 2 |  2.2
Short Blades   | 2 |  2.2
Throwing       | 2 |  2.2
Stealth        | 5 |  5.2

Action                   || total
-------------------------++-------
Melee: Dagger            ||    69
       Bite              ||    16
Throw: Dart              ||     1
  Use: Potion            ||     1
 Stab: Sleeping          ||     5
Armor: Robe              ||    15
Dodge: Dodged            ||    49

Table legend: (Time is in decaauts)
 A = Elapsed time spent in this place.
 B = Non-inter-level travel time spent in this place.
 C = Inter-level travel time spent in this place.
 D = Time resting spent in this place.
 E = Time spent auto-exploring this place.
 F = Levels seen in this place.
 G = Mean time per level.
                   A        B        C        D        E       F      G
               +--------+--------+--------+--------+--------+-----+--------+
         Total |   1985 |   1960 |     25 |    717 |   1057 |   2 |  992.5 |
       Dungeon |   1985 |   1960 |     25 |    717 |   1057 |   2 |  992.5 |
               +--------+--------+--------+--------+--------+-----+--------+

Top non-repeatable levels by time:
     D:1: 1974 daAuts
     D:2: 11 daAuts
